 Dungeon Crawl Stone Soup version 0.20.1-1-g8b1a95d (webtiles) character file.

122 letownia2 the Grave Robber (level 4, -6/36 HPs)
             Began as a Deep Dwarf Necromancer on Dec 15, 2017.
             Was an Initiate of Gozag.
             Mangled by an ogre
             ... wielding a +0 giant spiked club
              (16 damage)
             ... on level 4 of the Dungeon.
             The game lasted 00:06:18 (2902 turns).

letownia2 the Grave Robber (Deep Dwarf Necromancer) Turns: 2902, Time: 00:06:18

Health: -6/36      AC:  3    Str: 11    XL:     4   Next: 78%
Magic:  8/8        EV: 12    Int: 17    God:    Gozag
Gold:   389        SH:  0    Dex: 13    Spells: 5/9 levels left

rFire    . . .     SeeInvis .   a - +0 quarterstaff
rCold    . . .     Gourm    .   (shield currently unavailable)
rNeg     . . .     Faith    .   j - +0 robe
rPois    .         Spirit   .   (no helmet)
rElec    .         Reflect  .   (no cloak)
rCorr    .         Harm     .   n - +0 pair of gloves
MR       .....                  (no boots)
Stlth    ++........             (no amulet)
Regen    0.0/turn               (no ring)
MPRegen  0.2/turn               (no ring)

@: non-regenerating
A: damage resistance, heal wounds, sense surroundings 1, no regeneration
a: Heal Wounds, Potion Petition, Call Merchant, Bribe Branch, Renounce Religion


You were on level 4 of the Dungeon.
You worshipped Gozag.
Gozag was aware of your devotion.
You were not hungry.

You visited 1 branch of the dungeon, and saw 4 of its levels.

You collected 400 gold pieces.
You paid 11 gold pieces to Gozag.

Inventory:

Hand Weapons
 a - a +0 quarterstaff (weapon)
 i - a +0 dagger
Missiles
 s - 2 tomahawks (quivered)
Armour
 j - a +0 robe (worn)
 n - a +0 pair of gloves (worn)
Jewellery
 o - an uncursed ring of ice
Wands
 m - a wand of confusion (39/48)
Scrolls
 f - 3 scrolls of identify
 g - a scroll of remove curse {unknown}
 h - a scroll of recharging {unknown}
 q - a scroll of fear {unknown}
 u - 2 scrolls of teleportation {unknown}
 v - 2 scrolls of enchant armour {unknown}
Potions
 e - 2 potions of might {unknown}
 k - a potion of ambrosia {unknown}
 p - 4 potions of curing {unknown}
 r - a potion of brilliance {unknown}
 t - 2 potions of lignification {unknown}
Books
 b - a book of Necromancy

   Spells                             Type                      Level
   a - Pain                           Necromancy                   1
   b - Animate Skeleton               Necromancy                   1
   c - Vampiric Draining              Necromancy                   3
   d - Regeneration                   Charms/Necromancy            3
   e - Animate Dead                   Necromancy                   4
   f - Control Undead                 Necromancy                   4
Comestibles
 c - a bread ration
 d - 6 fruits
 l - 2 royal jellies


   Skills:
 - Level 2.1 Dodging
 - Level 2.4 Stealth
 - Level 3.1 Spellcasting
 + Level 5.7 Necromancy
 + Level 0.6 Evocations


You had 5 spell levels left.
You knew the following spells:

 Your Spells              Type           Power        Failure   Level  Hunger
a - Pain                  Necr           ###.         1%          1    None
v - Vampiric Draining     Necr           ###.......   4%          3    ###....


Dungeon Overview and Level Annotations

Branches:
Dungeon (4/15)             Temple (0/1) D:4

Altars:
Cheibriados
Fedhas
Gozag
Nemelex Xobeh
Xom
The Shining One

Annotations:
D:3 Doomgape's ghost, amateur MiMo
D:4 Edmund


Innate Abilities, Weirdness & Mutations

You are resistant to damage.
You can heal yourself by infusing magical energy.
You passively map a small area around you.
You do not regenerate.


Message History

There is a stone staircase leading down here.
Your magical contamination has completely faded away.
Magic restored.
There is a stone staircase leading down here.
You climb downwards.
An ogre comes into view. It is wielding a giant spiked club.
The ogre shouts!
The ogre barely misses you.
There is a stone staircase leading up here.
Found a buckler.
Edmund the Younger comes into view.
He is wielding a dire flail of crushing.
Edmund shouts!
A scorpion comes into view.
Edmund clears his throat.
There is a stone staircase leading up here.
Edmund says, "A flail is better than a scythe, any day of the week!"
You open the door.
The ogre hits you with a giant spiked club!!
You die...
Your body crumbles into a pile of gold.

* , , , * , ,, *
* * ** * ## * * ,
* , .# ###+ , .
..# #.... * * *
.. ...# #.###.###
..# ....#
+>#.'@#####...#
....+,
#.###.#.O........
....#
#....,###.......#
...## , ###+*
#@####... ..## ,
,, #.#.. , ** *
#@#.# * #.#.# * #
#.#.###.# # *
#.......# #


You could see Edmund and an ogre.

Vanquished Creatures
  Jessica (D:2)
  4 adders
  A dart slug (D:1)
  3 leopard geckos
  10 bats
  2 giant cockroaches (D:1)
  6 goblins
  6 hobgoblins
  4 jackals (D:2)
  A quokka (D:2)
  3 ball pythons
  4 frilled lizards
  4 kobolds
  10 rats
59 creatures vanquished.

Notes
Turn   | Place    | Note
-------+----------+-------------------------------------------
     0 | D:1      | letownia2 the Deep Dwarf Necromancer began the quest for the Orb.
     0 | D:1      | Reached XP level 1. HP: 15/15 MP: 3/3
   148 | D:2      | Reached XP level 2. HP: 22/22 MP: 0/5
   501 | D:2      | Reached skill level 5 in Necromancy
   540 | D:2      | Found a shimmering altar of Xom.
   545 | D:2      | Found an opulent altar of Gozag.
   546 | D:2      | Found a sparkling altar of Nemelex Xobeh.
   547 | D:2      | Found a blossoming altar of Fedhas.
   547 | D:2      | Found a snail-covered altar of Cheibriados.
   550 | D:2      | Became a worshipper of Gozag Ym Sagoz the Greedy
   555 | D:2      | Found a glowing golden altar of the Shining One.
   595 | D:3      | Reached XP level 3. HP: 28/28 MP: 2/6
   600 | D:3      | Learned a level 3 spell: Vampiric Draining
   613 | D:3      | Noticed Doomgape's ghost (amateur MiMo)
   867 | D:2      | Noticed Jessica
   891 | D:2      | Killed Jessica
   891 | D:2      | Reached XP level 4. HP: 23/36 MP: 3/8
  2153 | D:3      | HP: 1/36 [Doomgape's ghost (9)]
  2864 | D:4      | Noticed an ogre
  2872 | D:4      | Noticed Edmund
  2902 | D:4      | Found a staircase to the Ecumenical Temple.
  2902 | D:4      | Mangled by an ogre

Skill      XL: |  1  2  3 |
---------------+----------+-----
Spellcasting   | 2 3 |  3.1
Necromancy     | 5 |  5.7
Dodging        | |  2.1
Stealth        | |  2.4
Evocations     | |  0.6

Action                   |  1- 3 |  4- 6 || total
-------------------------+-------+-------++-------
Melee: Quarterstaff      |       |     3 ||     3
 Cast: Pain              |    31 |    57 ||    88
       Vampiric Draining |       |     5 ||     5
  Use: Scroll            |       |     1 ||     1
  Eat: Meat ration       |       |     1 ||     1
       Bread ration      |       |     1 ||     1
Armor: Robe              |       |     4 ||     4
Dodge: Dodged            |     4 |    11 ||    15
